 Dungeon Crawl Stone Soup version 0.28-a0-595-g9f6c0e134a (webtiles) character file.

Game seed: 12832186072295853620

12245 pokedragonboy the Devastator (level 11, -1/54 HPs)
             Began as a Deep Elf Conjurer on Oct 5, 2021.
             Was a High Priest of Vehumet.
             Slain by a komodo dragon simulacrum (25 damage)
             ... in an ice cave.
             The game lasted 00:41:27 (10069 turns).

pokedragonboy the Devastator (Deep Elf Conjurer)   Turns: 10069, Time: 00:41:28

Health: -1/54      AC:  3    Str:  4    XL:     11   Next: 59%
Magic:  28/38      EV: 12    Int: 30    God:    Vehumet [*****.]
Gold:   101        SH:  0    Dex:  8    Spells: 7/35 levels left

rFire   + + .      SeeInvis .   b - +11 rapier of Vomid {elec, rCorr Int+3 Dex-5}
rCold   . . .      Faith    .   (no shield)
rNeg    . . .      Spirit   .   s - +1 robe of Winter {Harm rF+}
rPois   .          Reflect  .   (no helmet)
rElec   .          Harm     +   (no cloak)
rCorr   +          Rampage  .   (no gloves)
Will    +....                   (no boots)
Stlth   ++........              f - amulet of magic regeneration
HPRegen 0.18/turn               o - ring of magical power
MPRegen 0.51/turn               h - ring of protection from fire

@: no status effects
A: no striking features
a: Renounce Religion


You were in an ice cave.
You worshipped Vehumet.
Vehumet was extremely pleased with you.
You visited 2 branches of the dungeon, and saw 10 of its levels.
You also visited: Ice Cave.

You collected 689 gold pieces.
You spent 588 gold pieces at shops.

Inventory:

Hand Weapons
 a - a +2 dagger of pain
 b - the +11 rapier of Vomid (weapon) {elec, rCorr Int+3 Dex-5}
   (You found it on level 4 of the Dungeon)

   It occasionally discharges a powerful burst of electricity upon striking a
   foe.
   Int:       It affects your intelligence (+3).
   Dex:       It affects your dexterity (-5).
   rCorr:     It protects you from acid and corrosion.
 l - the +4 falchion of the Tiger {venom, rF- Str-2 Int+6 Dex+9}
   (You found it on level 4 of the Dungeon)

   It poisons the flesh of those it strikes.
   Str:       It affects your strength (-2).
   Int:       It affects your intelligence (+6).
   Dex:       It affects your dexterity (+9).
   rF:        It makes you vulnerable to fire.
Missiles
 C - a throwing net
Armour
 s - the +1 robe of Winter (worn) {Harm rF+}
   (You found it on level 4 of the Dungeon)

   rF:        It protects you from fire.
   Harm:      It increases damage dealt and taken.
Jewellery
 f - an amulet of magic regeneration (around neck)
 h - a ring of protection from fire (right hand)
 o - a ring of magical power (left hand)
Wands
 v - a wand of iceblast (17)
 y - a wand of flame (18)
 B - a wand of charming (8)
 D - a wand of digging (5)
 F - a wand of paralysis (8)
Scrolls
 c - a scroll of teleportation
 e - a scroll of noise
 k - 3 scrolls of blinking
 m - a scroll of brand weapon
 p - a scroll of holy word
 t - a scroll of summoning {unknown}
 u - 4 scrolls of immolation
 w - 3 scrolls of amnesia
 x - a scroll of fog
 A - a scroll of enchant armour {unknown}
Potions
 d - 4 potions of curing
 g - 2 potions of brilliance
 j - 2 potions of magic
 q - 2 potions of might
 r - a potion of heal wounds
 z - 2 potions of lignification


   Skills:
 - Level 2.4 Dodging
 - Level 2.4 Stealth
 + Level 12.6 Spellcasting
 * Level 15.3 Conjurations
 - Level 5.0 Hexes
 + Level 7.5 Necromancy
 - Level 3.0 Translocations
 - Level 3.0 Earth Magic


You had 7 spell levels left.
You knew the following spells:

 Your Spells              Type           Power      Damage    Failure   Level
a - Magic Dart            Conj           100%       1d8       0%          1
b - Searing Ray           Conj           100%       2d8       0%          2
c - Fulminant Prism       Conj/Hex       34%        3d16      1%          4
d - Iskenderun's Mystic   Conj/Tloc      65%        2d13      1%          4
e - Iskenderun's Battles  Conj           84%        2d13      1%          5
f - Animate Dead          Necr           29%        N/A       1%          4
m - Sublimation of Blood  Necr           29%        N/A       1%          2
v - Iron Shot             Conj/Erth      32%        9d7       2%          6

Your spell library contained the following spells:

 Spells                   Type           Power      Damage    Failure   Level
 Hailstorm                Conj/Ice       60%        3d13      1%          4
 Poisonous Vapours        Pois/Air       38%        N/A       1%          2
 Slow                     Hex            49%        N/A       1%          2
 Confusing Touch          Hex            49%        N/A       1%          3
 Dazzling Flash           Conj/Hex       100%       N/A       1%          3
 Vampiric Draining        Necr           29%        2d10      1%          3
 Sting                    Tmut/Pois      76%        1d6       2%          1
 Wereblood                Tmut           19%        N/A       4%          2
 Olgreb's Toxic Radiance  Pois           19%        N/A       7%          4
 Spellforged Servitor     Conj/Summ      30%        N/A       24%         7
 Haunt                    Necr/Summ      20%        N/A       99%         7
 Summon Hydra             Summ           9%         N/A       100%        7
 Infestation              Necr           29%        N/A       100%        8


Dungeon Overview and Level Annotations

Branches:
Dungeon (9/15)             Temple (0/1) D:5            Lair (1/6) D:8
  IceCv (1/1)
    Orc: D:9-12

Altars:
Fedhas
Hepliaklqana
Makhleb
Qazlal
Ru
Trog
Vehumet
Wu Jian

Shops:
D:2 :   D:8 [

Annotations:
D:9 2 runed translucent doors


Message History

Aiming: Searing Ray (safe; 0% risk of failure)
Press: ? - help, Shift-Dir - straight line, f - steam dragon simulacrum
Aim: a steam dragon simulacrum (ally target, 94% to hit)
The searing ray hits the acid dragon simulacrum!
The acid dragon simulacrum vaporises!
Vehumet accepts your kill.
You feel your power returning.
The searing ray hits the komodo dragon simulacrum.
The komodo dragon simulacrum is moderately damaged.
The searing ray hits the steam dragon simulacrum!
The steam dragon simulacrum vaporises!
Vehumet accepts your kill.
Vehumet offers you knowledge of Hailstorm.
You feel your power returning. (Press . to maintain the ray.)
Your battlesphere fires!
The barrage of energy hits the rime drake!!
The rime drake is severely wounded.
The rime drake breathes ice at you.
The flash freeze hits your battlesphere!!
Your battlesphere partially resists.
Your battlesphere is destroyed!
Your fulminant prism crackles loudly.
Unknown command.
Casting: Searing Ray (safe; 0% risk of failure)
Confirm with . or Enter, or press ? or * to list all spells.
Restarting spell: Searing Ray (safe; 0% risk of failure)
Press: ? - help, Shift-Dir - straight line, f - rime drake
Aim: a rime drake (severely wounded, 79% to hit)
The searing ray hits the komodo dragon simulacrum!
The komodo dragon simulacrum is moderately damaged.
The searing ray hits the komodo dragon simulacrum.
The komodo dragon simulacrum is heavily damaged.
The searing ray hits the rime drake.
The rime drake is severely wounded. (Press . to maintain the ray.)
The komodo dragon simulacrum bites you!!
Ouch! That really hurt!
The komodo dragon simulacrum freezes you!!
You die...

##.## #..#
##.## #..#
#.## ##..#
#..######
##.#.#..##
#..#...@#
##...##Z#
##..#kZ#
####Z.#
*$$Z ##☼.$
.:$$.
#$$## ..##


You could see a rime drake, 2 komodo dragon simulacra, a lindwurm simulacrum, an
acid dragon simulacrum and a friendly fulminant prism.

Vanquished Creatures
  A two-headed ogre (D:9)
  A cyclops (D:8)
  A manticore (D:6)
  Psyche (D:8)
  2 rime drakes (Lair:1)
  A hornet (D:8)
  4 blink frogs (Lair:1)
  A spriggan (D:9)
  27 yaks
  A basilisk (D:9)
  A steam dragon (D:6)
  An acid dragon (D:8)
  6 water moccasins
  An ice beast (D:6)
  2 sky beasts (D:7)
  3 necrophages
  6 black bears
  2 ogres
  2 centaurs
  6 bullfrogs
  2 scorpions
  A wyvern zombie (D:8)
  7 wights
  A howler monkey (D:7)
  2 komodo dragon simulacra (IceCv)
  A crimson imp (D:7)
  4 centaur zombies
  2 orc priests
  3 hounds
  2 jellies
  2 bullfrog skeletons (D:7)
  2 gnoll shamans
  3 iguanas
  6 orc wizards
  A howler monkey zombie (D:8)
  5 gnolls
  5 adders
  An acid dragon simulacrum (IceCv)
  2 ufetubi
  2 steam dragon simulacra (IceCv)
  2 worms
  3 dart slugs
  18 orcs
  4 endoplasms
  2 giant cockroaches
  4 goblins
  6 hobgoblins
  3 jackals (D:3)
  3 quokkas
  8 ball pythons
  A bat (D:3)
  4 frilled lizards
  7 kobolds
  9 rats
  3 fulminant prisms (D:7)
201 creatures vanquished.

Vanquished Creatures (collateral kills)
  3 yaks
  A water moccasin (Lair:1)
  2 gnolls
  An orc (D:8)
7 creatures vanquished.

Vanquished Creatures (others)
  28 fulminant prisms
  35 fungi
  39 plants
102 creatures vanquished.

Grand Total: 310 creatures vanquished

Notes
Turn   | Place    | Note
-------+----------+-------------------------------------------
     0 | D:1      | pokedragonboy the Deep Elf Conjurer began the quest for the
                  | Orb.
     0 | D:1      | Reached XP level 1. HP: 10/10 MP: 6/6
   187 | D:1      | Reached XP level 2. HP: 15/15 MP: 6/8
   190 | D:1      | Learned a level 2 spell: Searing Ray
   624 | D:1      | Reached skill level 5 in Conjurations
  1065 | D:2      | Found a radiant altar of Vehumet.
  1078 | D:2      | Reached XP level 3. HP: 19/19 MP: 8/10
  1082 | D:2      | Became a worshipper of Vehumet
  1343 | D:2      | Found Caixel's Book Boutique.
  1621 | D:2      | Learned a level 2 spell: Sublimation of Blood
  1767 | D:2      | Found a faded altar of an unknown god.
  1880 | D:3      | Reached skill level 1 in Necromancy
  1880 | D:3      | Reached XP level 4. HP: 24/24 MP: 3/12
  2080 | D:3      | Reached skill level 6 in Conjurations
  2084 | D:3      | Reached XP level 5. HP: 28/28 MP: 1/13
  2111 | D:2      | Learned a level 4 spell: Fulminant Prism
  2116 | D:2      | Learned a level 4 spell: Iskenderun's Mystic Blast
  2332 | D:3      | Reached * piety under Vehumet
  2332 | D:3      | Offered knowledge of Freeze by Vehumet.
  2790 | D:3      | Found an ornate altar of the Wu Jian Council.
  3163 | D:4      | Identified the +4 falchion of the Tiger {venom, rF- Str-2
                  | Int+6 Dex+9}
  3295 | D:4      | Identified the +11 rapier of Vomid {elec, rCorr Int+3
                  | Dex-5}
  3524 | D:4      | Reached skill level 5 in Spellcasting
  3657 | D:4      | Identified the +1 robe of Winter {Harm rF+}
  4155 | D:4      | Reached XP level 6. HP: 26/32 MP: 15/15
  4261 | D:5      | Entered Level 5 of the Dungeon
  4265 | D:5      | Reached skill level 7 in Conjurations
  4337 | D:5      | Found a blossoming altar of Fedhas.
  4923 | D:5      | Found a staircase to the Ecumenical Temple.
  4995 | D:5      | Offered knowledge of Scorch by Vehumet.
  5430 | D:6      | Reached XP level 7. HP: 31/36 MP: 17/17
  5498 | D:6      | Reached skill level 8 in Conjurations
  5642 | D:6      | Reached ** piety under Vehumet
  5643 | D:6      | Reached skill level 1 in Hexes
  5798 | D:6      | Found a stormy altar of Qazlal.
  5798 | D:6      | Noticed a water elemental
  5800 | D:6      | Noticed an air elemental
  5800 | D:6      | Noticed a fire elemental
  5878 | D:6      | Noticed a steam dragon
  5883 | D:6      | Killed a steam dragon
  5884 | D:6      | Reached skill level 9 in Conjurations
  5884 | D:6      | Reached XP level 8. HP: 37/41 MP: 20/20
  6190 | D:6      | Found a sacrificial altar of Ru.
  6337 | D:6      | Found a bloodstained altar of Trog.
  6352 | D:6      | Noticed a manticore
  6367 | D:6      | Killed a manticore
  6368 | D:6      | Reached skill level 10 in Conjurations
  7125 | D:7      | Reached XP level 9. HP: 45/45 MP: 23/23
  7333 | D:7      | Reached skill level 11 in Conjurations
  7498 | D:7      | Offered knowledge of Inner Flame by Vehumet.
  7616 | D:7      | Found a hazy altar of Hepliaklqana.
  7656 | D:7      | Found a burning altar of Makhleb.
  7743 | D:7      | You fall into a shaft and drop 1 floor!
  7749 | D:8      | Reached skill level 5 in Hexes
  7753 | D:8      | Killed Psyche
  7754 | D:8      | Reached skill level 5 in Necromancy
  7757 | D:8      | Reached skill level 12 in Conjurations
  7761 | D:8      | Reached *** piety under Vehumet
  7762 | D:8      | Reached XP level 10. HP: 36/50 MP: 1/25
  7767 | D:8      | Found a staircase to the Lair.
  8002 | D:9      | Learned a level 4 spell: Animate Dead
  8006 | D:9      | Noticed a two-headed ogre
  8015 | D:9      | Killed a two-headed ogre
  8016 | D:9      | Reached skill level 10 in Spellcasting
  8075 | D:9      | Reached skill level 13 in Conjurations
  8253 | D:9      | Found a large runed translucent door.
  8254 | D:9      | Found a large runed translucent door.
  8303 | D:9      | Identified the +0 ring mail of the Lobster {rF- rCorr
                  | Dex+6}
  8349 | D:8      | Found Ybocidykid's Antique Armour Shoppe.
  8353 | D:8      | Offered knowledge of Mephitic Cloud by Vehumet.
  8867 | D:8      | Noticed a cyclops
  8873 | D:8      | Killed a cyclops
  8874 | D:8      | Reached skill level 14 in Conjurations
  9553 | D:2      | Bought a book of Power for 588 gold pieces
  9559 | D:2      | Learned a level 5 spell: Iskenderun's Battlesphere
  9566 | D:2      | Learned a level 6 spell: Iron Shot
  9684 | Lair:1   | Entered Level 1 of the Lair of Beasts
  9686 | Lair:1   | Reached **** piety under Vehumet
  9724 | Lair:1   | Reached XP level 11. HP: 54/54 MP: 26/28
  9726 | Lair:1   | Offered knowledge of Frozen Ramparts by Vehumet.
  9727 | Lair:1   | Reached skill level 1 in Earth Magic
  9833 | Lair:1   | Reached skill level 15 in Conjurations
 10005 | Lair:1   | Found a frozen archway.
 10030 | IceCv    | Entered an ice cave
 10068 | IceCv    | Reached ***** piety under Vehumet
 10068 | IceCv    | Offered knowledge of Hailstorm by Vehumet.
 10069 | IceCv    | Slain by a komodo dragon simulacrum

Illustrated notes

Levels and vault maps discovered:
D:1:      eino_arrival_tree_alley, layout_rooms, serial_forest,
          infiniplex_forest_end_2, infiniplex_forest_lined_room_3,
          infiniplex_forest_clump_cross, infiniplex_forest_corner_2,
          infiniplex_forest_end_1, infiniplex_forest_lined_room_2,
          infiniplex_forest_diagonal, minmay_tromino_v4_c
D:2:      layout_basic, basic_altar, shapermc_ecumenical_altar_mp_vishouse,
          serial_shops, nicolae_shop_behind_doors
D:3:      layout_basic, nicolae_wu_jian_wuxing_cycle, hangedman_glass_teeth,
          chequers_big_river, kennysheep_cross_room, kennysheep_generic_room_4
D:4:      layout_loops_ring
D:5:      layout_layer_cave, old_standard_altar, minmay_temple_entry_poolview,
          item_on_display_a
D:6:      layout_layer_cave, nicolae_qazlal_style_of_elements,
          pf_just_have_faith, trog_ov_bears_minmay
D:7:      layout_rooms, makhleb_grotto_becter, mainiacjoe_overflow_catwalk
D:8:      layout_cave_pools, due_lair_maze_entry_diamond, serial_shops, shop,
          uniq_psyche
D:9:      layout_basic, jmf_multi_god_temple2, lemuel_crystal_altar, the_hattery
Lair:1:   gammafunk_cloud_chamber, layout_concentric_octagons,
          portal_ice_cave_rime, lemuel_fruit_tree
IceCv:    ice_cave_small_dragons

Skill      XL: |  1  2  3  4  5  6  7  8  9 10 11 |
---------------+----------------------------------+-----
Conjurations   | 5 6 7 9 10 12 14 15 | 15.3
Spellcasting   | 4 5 7 8 9 11 12 | 12.6
Necromancy     | 1 2 3 5 6 7 |  7.5
Hexes          | 2 3 5 |  5.0
Translocations | 3 |  3.0
Earth Magic    | 3 |  3.0
Dodging        | |  2.4
Stealth        | |  2.4

Action                   |  1- 3 |  4- 6 |  7- 9 | 10-12 || total
-------------------------+-------+-------+-------+-------++-------
Melee: Rapier            |       |       |     2 |     9 ||    11
 Cast: Magic Dart        |    68 |    38 |    48 |    30 ||   184
       Searing Ray       |     7 |    25 |    24 |    23 ||    79
       Fulminant Prism   |       |       |     7 |    25 ||    32
       Iskenderun's Myst |       |       |    19 |    36 ||    55
       Animate Dead      |       |       |       |     9 ||     9
       Sublimation of Bl |       |       |       |     4 ||     4
       Iskenderun's Batt |       |       |       |     6 ||     6
       Iron Shot         |       |       |       |     2 ||     2
  Use: Scroll            |     1 |     1 |     9 |     5 ||    16
       Potion            |       |       |       |     3 ||     3
Armor: Robe              |       |     2 |     3 |     4 ||     9
Dodge: Dodged            |     5 |    12 |    14 |    14 ||    45

Table legend: (Time is in decaauts)
 A = Elapsed time spent in this place.
 B = Non-inter-level travel time spent in this place.
 C = Inter-level travel time spent in this place.
 D = Time resting spent in this place.
 E = Time spent auto-exploring this place.
 F = Levels seen in this place.
 G = Mean time per level.
                   A        B        C        D        E       F      G
               +--------+--------+--------+--------+--------+-----+--------+
         Total |  10089 |   9570 |    519 |   2345 |   5608 |  11 |  917.2 |
       Dungeon |   9704 |   9185 |    519 |   2215 |   5591 |   9 | 1078.2 |
          Lair |    346 |    346 |      0 |    130 |     17 |   1 |  346.0 |
      Ice Cave |     38 |     38 |      0 |      0 |      0 |   1 |   38.0 |
               +--------+--------+--------+--------+--------+-----+--------+

Top non-repeatable levels by time:
     D:6: 1522 daAuts
     D:7: 1410 daAuts
     D:5: 1381 daAuts
     D:4: 1282 daAuts
     D:3: 1212 daAuts
     D:1: 1057 daAuts
     D:2: 854 daAuts
     D:9: 564 daAuts
     D:8: 419 daAuts
  Lair:1: 346 daAuts
   IceCv: 38 daAuts
